 Dungeon Crawl Stone Soup version 0.32-a0-656-g3542139ebd (webtiles) character file.

Game seed: 1243445167655572907

16324 Dittersdorf the Protected (level 12, -8/80 HPs)
             Began as a Gargoyle Fighter on Mar 8, 2024.
             Was an Initiate of Gozag.
             Mangled by a demonic crawler (10 damage)
             ... on level 1 of the Lair of Beasts.
             The game lasted 00:15:34 (10695 turns).

Dittersdorf the Protected (Gargoyle Fighter)       Turns: 10695, Time: 00:15:35

Health: -8/80      AC: 30    Str: 30    XL:     12   Next: 36%
Magic:  0/12       EV:  8    Int:  8    God:    Gozag
Gold:   1417       SH: 12    Dex: 13    Spells: 11/11 levels left

rFire   . . .        w - +9 hammer "Kemigan" {flame, Int+3}
rCold   + . .        A - +0 kite shield
rNeg    + + .        a - +0 chain mail {rN+}
rPois   ∞            x - +0 helmet "Fejoi" {rPois rC+ Str+4}
rElec   +            v - +2 cloak {Will+}
rCorr   +            (no gloves)
SInv    .            (no boots)
Will    +....        c - amulet of Suspected Treachery {Spirit Int-3 Dex+4 Slay+2} Stlth
                     n - +4 ring of protection
HPRegen 0.33/turn    r - ring of resist corrosion
MPRegen 0.13/turn

%: guardian spirit
@: no status effects
A: sickness immunity, AC +8, negative energy resistance 1, electricity
resistance, torment resistance 1, petrification resistance
a: Renounce Religion, Potion Petition, Call Merchant, Bribe Branch


You were on level 1 of the Lair of Beasts.
You worshipped Gozag.
Gozag was most pleased with you.
You visited 3 branches of the dungeon, and saw 13 of its levels.
You also visited: Ossuary.

You collected 1999 gold pieces.
You spent 475 gold pieces at shops.
You paid 107 gold pieces to Gozag.

Inventory:

Hand Weapons
 w - the +9 hammer "Kemigan" (weapon) {flame, Int+3}
   (You found it on level 5 of the Dungeon)

   Int+3:     It affects your intelligence (+3).
 C - a +0 morningstar
Armour
 a - a +0 chain mail of positive energy (worn)
 v - a +2 cloak of willpower (worn)
 x - the +0 helmet "Fejoi" (worn) {rPois rC+ Str+4}
   (You found it on level 1 of the Lair of Beasts)

   Str+4:     It affects your strength (+4).
   rC+:       It protects you from cold.
   rPois:     It protects you from poison.
 A - a +0 kite shield (worn)
Jewellery
 c - the amulet of Suspected Treachery (around neck) {Spirit Int-3 Dex+4 Slay+2}
   (You bought it in a shop on level 6 of the Dungeon)

   [amulet of guardian spirit]

   Spirit:    It causes incoming damage to be divided between your reserves of
   health and magic.
   Int-3:     It affects your intelligence (-3).
   Dex+4:     It affects your dexterity (+4).
   Slay+2:    It affects your accuracy & damage with ranged weapons and melee
   (+2).
 n - a +4 ring of protection (left hand)
 r - a ring of resist corrosion (right hand)
 u - a ring of see invisible
Wands
 j - a wand of light (23)
 t - a wand of flame (18) (quivered)
 B - a wand of digging (6)
Scrolls
 e - 2 scrolls of silence
 g - 2 scrolls of enchant weapon
 h - 5 scrolls of teleportation
 k - 3 scrolls of fear
 m - 2 scrolls of enchant armour
 o - 3 scrolls of revelation
 y - 3 scrolls of blinking
 z - a scroll of brand weapon
 D - 2 scrolls of poison
Potions
 b - 2 potions of magic
 f - 9 potions of curing
 i - a potion of might
 l - 2 potions of heal wounds
 p - a potion of mutation
 q - 4 potions of brilliance
 s - 3 potions of haste
 E - a potion of ambrosia


   Skills:
 + Level 11.4 Fighting
 + Level 10.2 Maces & Flails
 + Level 11.5 Armour
 + Level 11.4 Shields


You had 11 spell levels left.
You didn't know any spells.
Your spell library contained the following spells:

 Spells                   Type           Power      Damage    Failure   Level
 Necrotise                Necr           0%         1d4       90%         1
 Sandblast                Erth           0%         2d4       90%         1
 Blink                    Tloc           0%         N/A       97%         2
 Call Imp                 Summ           0%         N/A       97%         2
 Lesser Beckoning         Tloc           0%         N/A       97%         2
 Momentum Strike          Conj/Tloc      0%         3d8       97%         2
 Dazzling Flash           Conj/Hex       0%         N/A       99%         3
 Inner Flame              Hex/Fire       0%         N/A       99%         3
 Mephitic Cloud           Conj/Alch/Air  0%         N/A       99%         3
 Passwall                 Erth           0%         N/A       99%         3
 Stone Arrow              Conj/Erth      0%         3d7       99%         3
 Tukima's Dance           Hex            0%         N/A       99%         3
 Vampiric Draining        Necr           0%         2d6       99%         3
 Brom's Barrelling Bould  Conj/Erth      0%         2d3       100%        4
 Dimensional Bullseye     Hex/Tloc       0%         N/A       100%        4
 Flame Wave               Conj/Fire      0%         2d4       100%        4
 Iskenderun's Mystic Bla  Conj/Tloc      0%         2d3       100%        4
 Martyr's Knell           Necr/Summ      0%         N/A       100%        4
 Sticky Flame             Fire/Alch      0%         2d4       100%        4
 Curse of Agony           Necr           0%         N/A       100%        5
 Silence                  Hex/Air        0%         N/A       100%        5
 Summon Hydra             Summ           0%         N/A       100%        7
 Sublimation of Blood     Necr           Unusable   N/A       N/A         2

Dungeon Overview and Level Annotations

Branches:
Dungeon (10/15)            Temple (1/1) D:6            Lair (2/5) D:9
Ossuary (visited)
  Swamp: Lair:2-3    Shoals: Lair:2-3     Snake: Lair:2-3    Spider: Lair:2-3
    Orc: D:9-12

Altars:
Ashenzari
Cheibriados
Dithmenos
Elyvilon
Fedhas
Gozag
Hepliaklqana
Kikubaaqudgha
Makhleb
Nemelex Xobeh
Okawaru
Qazlal
Ru
Sif Muna
Trog
Uskayaw
Vehumet
Wu Jian
Xom
Yredelemnul
Zin
The Shining One

Shops:
D:5 (   D:6 [=   D:10 (

Annotations:
D:3 1 runed translucent door, soul19's ghost, amateur KoBr
D:5 2 transporters, Juicyj's ghost, novice MDFi
D:7 1 transporter
Temple 2 transporters


Innate Abilities, Weirdness & Mutations

You are immune to sickness and miasma.
Your stone body is resilient. (AC +8)
You are immune to poison.
You resist negative energy. (rN+)
You are resistant to electric shocks. (rElec)
You are resistant to unholy torment.
You are immune to petrification.


Message History

The demonic crawler hits you.
The demonic crawler hits you but does no damage.
You sock the demonic crawler! You burn the demonic crawler.
The demonic crawler is severely wounded.
The demonic crawler hits you!
* * * LOW HITPOINT WARNING * * *
The demonic crawler hits you but does no damage. x2
You hit the demonic crawler. You burn the demonic crawler.
The demonic crawler is heavily wounded.
The demonic crawler hits you but does no damage.
The demonic crawler barely misses you.
The demonic crawler hits you but does no damage.
You sock the demonic crawler! You burn the demonic crawler.
The demonic crawler is severely wounded.
The demonic crawler hits you but does no damage.
You block the demonic crawler's attack. x2
You hit the demonic crawler. You burn the demonic crawler.
The demonic crawler is severely wounded.
The demonic crawler hits you but does no damage.
The demonic crawler barely misses you. The demonic crawler hits you!
* * * LOW HITPOINT WARNING * * *
You sock the demonic crawler! You burn the demonic crawler.
The demonic crawler is almost dead.
The demonic crawler hits you but does no damage. x2
You block the demonic crawler's attack. x2; The demonic crawler hits you!
* * * LOW HITPOINT WARNING * * *
The demonic crawler hits you.
* * * LOW HITPOINT WARNING * * *
You thump the demonic crawler! You burn the demonic crawler.
The demonic crawler is almost dead.
The demonic crawler closely misses you.
The demonic crawler hits you but does no damage.
You block the demonic crawler's attack.
You closely miss the demonic crawler.
The demonic crawler is severely wounded.
The demonic crawler hits you.
* * * LOW HITPOINT WARNING * * *
The demonic crawler hits you!
You die...
Your body crumbles into a pile of gold.

##.....[......%.## ##..[
#.....##......#.# #...
##..############# #>.. #### #...
###... ###..... ### ####.#.....
####.###..##......
#@#...............
##s............... ####
#.s.............## ##
#..###.....###..(...... .##
#.....................# ..###
##...................[. ..#P##
#.....................
.....#######..............###....
..P#......#...............# ###..


You could see a demonic crawler and a scorpion.

Vanquished Creatures
  A boulder beetle (Lair:2)
  A two-headed ogre (D:8)
  The ghost of Juicyj the Cleaver, a novice MDFi (D:8)
  An ugly thing (D:8)
  4 cane toads (Lair:1)
  Joseph (Lair:1)
  2 unseen horrors (D:7)
  A kobold demonologist (D:8)
  4 komodo dragons (Lair:1)
  A troll (D:7)
  2 hornets
  A polar bear (Lair:1)
  4 blink frogs (Lair:1)
  A slime creature (D:7)
  2 wraiths
  12 yaks
  4 wyverns
  4 basilisks
  A steam dragon (D:7)
  2 acid dragons
  Duvessa (D:5)
  4 water moccasins
  A black bear (Lair:1)
  4 orc warriors
  2 sky beasts (D:7)
  6 wolves
  7 centaurs
  4 kobold brigands
  11 bullfrogs
  2 gnoll sergeants
  4 scorpions
  5 wights
  Dowan (D:5)
  5 killer bees
  7 howler monkeys
  A bombardier beetle (D:4)
  A hound (D:7)
  7 orc priests
  4 bullfrog zombies (Ossuary)
  3 jellies
  A gnoll bouda (D:5)
  Crazy Yiuf (D:5)
  5 iguanas
  2 sleepcaps
  Terence (D:3)
  Ijyb (D:5)
  2 orc wizards
  A killer bee zombie (Ossuary)
  3 crocodile zombies (Ossuary)
  4 hound zombies (Ossuary)
  11 mummies
  4 howler monkey zombies (Ossuary)
  8 gnolls
  5 adders
  A shadow imp (D:7)
  5 ufetubi
  A ribbon worm (D:2)
  4 dart slugs
  21 orcs
  8 ball pythons
  6 bats
  6 endoplasms
  7 giant cockroaches
  2 goblins (D:3)
  6 hobgoblins
  4 jackals (D:1)
  7 quokkas
  4 ball python zombies (Ossuary)
  A frilled lizard (D:1)
  19 kobolds
  7 rats
288 creatures vanquished.

Vanquished Creatures (others)
  A kobold (D:8)
1 creature vanquished.

Grand Total: 289 creatures vanquished

Notes
Turn   | Place    | Note
-------+----------+-------------------------------------------
     0 | D:1      | Dittersdorf the Gargoyle Fighter began the quest for the
                  | Orb.
     0 | D:1      | Reached XP level 1. HP: 14/14 MP: 1/1
    37 | D:1      | Reached XP level 2. HP: 7/19 MP: 2/2
   476 | D:1      | Reached XP level 3. HP: 23/23 MP: 3/3
   950 | D:2      | Found a white marble altar of Elyvilon.
  1298 | D:3      | Found a runed translucent door.
  1416 | D:3      | Noticed Terence
  1432 | D:3      | Killed Terence
  1433 | D:3      | Reached XP level 4. HP: 29/29 MP: 4/4
  1597 | D:3      | Found a broken altar of Ashenzari.
  1638 | D:3      | Noticed soul19's ghost (amateur KoBr)
  2193 | D:3      | Reached XP level 5. HP: 33/33 MP: 5/5
  2734 | D:5      | Entered Level 5 of the Dungeon
  2795 | D:5      | Noticed Duvessa
  2808 | D:5      | Killed Duvessa
  2809 | D:5      | Reached XP level 6. HP: 25/40 MP: 6/6
  2829 | D:5      | Noticed Dowan
  2894 | D:5      | Killed Dowan
  2895 | D:5      | Reached skill level 5 in Fighting
  2895 | D:5      | Reached skill level 5 in Armour
  2895 | D:5      | Reached skill level 5 in Shields
  2895 | D:5      | Reached XP level 7. HP: 42/44 MP: 7/7
  2911 | D:5      | Found a transporter.
  2911 | D:5      | Found a transporter.
  2913 | D:5      | Noticed Juicyj's ghost (novice MDFi)
  2917 | D:5      | Found a hide-covered altar of Uskayaw.
  3068 | D:5      | Found Fiof's Antique Weapon Shop.
  3242 | D:5      | Found a blossoming altar of Fedhas.
  3249 | D:5      | Noticed Ijyb
  3253 | D:5      | Killed Ijyb
  3505 | D:5      | Found a runed translucent door.
  3506 | D:5      | Noticed Crazy Yiuf
  3670 | D:5      | Killed Crazy Yiuf
  3704 | D:5      | Identified the +9 hammer "Kemigan" {flame, Int+3}
  3811 | D:6      | Reached XP level 8. HP: 43/51 MP: 8/8
  3852 | D:6      | Found a sand-covered staircase.
  3866 | Ossuary  | Entered an ossuary
  3929 | Ossuary  | Reached skill level 5 in Maces & Flails
  4345 | D:6      | Identified the +4 hand axe of the Wolf {venom, Dex+6}
  4380 | D:6      | Found Qeph's Armour Boutique.
  4421 | D:6      | Found a staircase to the Ecumenical Temple.
  4430 | Temple   | Found a transporter.
  4430 | Temple   | Found a transporter.
  4430 | Temple   | Found a transporter.
  4430 | Temple   | Found a transporter.
  4430 | Temple   | Entered the Ecumenical Temple
  4450 | Temple   | Became a worshipper of Gozag Ym Sagoz the Greedy
  4653 | D:6      | Reached XP level 9. HP: 52/56 MP: 9/9
  4746 | D:6      | Found Puuluwud's Jewellery Shop.
  4846 | D:7      | Found a transporter.
  4849 | D:7      | Found a transporter.
  4849 | D:7      | Noticed a troll
  4974 | D:7      | Found a transporter.
  4980 | D:7      | Found a stormy altar of Qazlal.
  5402 | D:7      | Found a transporter.
  5402 | D:7      | Found a transporter.
  5502 | D:8      | Found a radiant altar of Vehumet.
  5550 | D:8      | Noticed a brown ugly thing
  5561 | D:8      | Killed a brown ugly thing
  5562 | D:8      | Reached XP level 10. HP: 42/65 MP: 10/10
  5767 | D:8      | Noticed a two-headed ogre
  5776 | D:8      | Killed a two-headed ogre
  5954 | D:8      | Noticed a kobold demonologist
  5968 | D:8      | Noticed a sun demon
  5968 | D:8      | Killed a kobold demonologist
  5975 | D:8      | Noticed Juicyj's ghost (novice MDFi)
  5986 | D:8      | Found a runed translucent door.
  6239 | D:8      | Killed Juicyj's ghost
  6365 | D:6      | Bought the amulet of Suspected Treachery {Spirit Int-3
                  | Dex+4 Slay+2} for 475 gold pieces
  6450 | D:7      | Reached XP level 11. HP: 28/72 MP: 3/11
  7013 | D:9      | Reached skill level 10 in Armour
  7015 | D:9      | Reached skill level 10 in Shields
  7213 | D:9      | Reached skill level 10 in Fighting
  7241 | D:9      | Found a staircase to the Lair.
  7960 | D:10     | Entered Level 10 of the Dungeon
  8129 | D:10     | Found Zybb's Antique Weapon Shop.
  8637 | Lair:1   | Entered Level 1 of the Lair of Beasts
  8848 | Lair:1   | Noticed Joseph
  8856 | Lair:1   | Killed Joseph
  8889 | Lair:1   | Reached XP level 12. HP: 19/79 MP: 3/12
  8942 | Lair:1   | HP: 3/79 [komodo dragon (2)]
  9483 | Lair:1   | Reached skill level 10 in Maces & Flails
  9725 | Lair:1   | Identified the +0 helmet "Fejoi" {rPois rC+ Str+4}
  9997 | Lair:2   | Noticed a boulder beetle
 10261 | Lair:2   | Killed a boulder beetle
 10354 | Lair:2   | Noticed a demonic crawler
 10695 | Lair:1   | HP: 2/80 [demonic crawler (5)]
 10695 | Lair:1   | Mangled by a demonic crawler

Illustrated notes

Levels and vault maps discovered:
D:1:      mushboom_english_gardens, layout_rooms, nicolae_houndstooth_variations
D:2:      layout_rooms, basic_altar, st_stairs_8
D:3:      layout_basic, general_overflow_altar, ebering_ghost_sewer_d,
          hangedman_decor_push, uniq_terence
D:4:      layout_basic
D:5:      layout_cave_pools, fedhas_altar_decomposition,
          mainiacjoe_overflow_cross_hatched, gammafunk_ghost_smash,
          serial_shops, nicolae_shop_tiny_glass, uniq_crazy_yiuf_cottage,
          uniq_duvessa, uniq_ijyb
D:6:      layout_loops_ring, temple_hall, gup_ossuary_entry_pyramid,
          serial_shops, nicolae_shop_stone, shop
D:7:      gammafunk_the_bubble [the_bubble_gammafunk_roulette],
          layout_cave_pools, nicolae_qazlal_style_of_elements
D:8:      minmay_distorted_concentric_squares, layout_cave_pools,
          lemuel_crystal_altar, hellmonk_ghost_happy_afterlife
D:9:      layout_basic, david_lair_generic
D:10:     layout_loops_ring, serial_shops, shop
Temple:   hellmonk_temple_divided_pantheon
Lair:1:   layout_layer_cave, infiniplex_staircase_pool_2, uniq_joseph
Lair:2:   layout_gridlike, nicolae_spider_entry_non_spiders, minmay_hedge_maze,
          minivault_27, serial_bayou_shore_b

Skill      XL: |  1  2  3  4  5  6  7  8  9 10 11 12 |
---------------+-------------------------------------+-----
Fighting       | 4 5 6 8 9 10 11 | 11.4
Shields        | 4 5 7 8 9 11 | 11.4
Armour         | 4 5 7 8 9 11 | 11.5
Maces & Flails | 3 4 5 7 8 9 10 | 10.2

Action                     |  1- 3 |  4- 6 |  7- 9 | 10-12 || total
---------------------------+-------+-------+-------+-------++-------
  Melee: Flail             |   163 |    62 |       |       ||   225
         Mace              |       |    37 |   367 |   470 ||   874
         Unarmed           |       |       |     1 |       ||     1
  Evoke: Wand              |       |       |       |    14 ||    14
    Use: Scroll            |       |     7 |    13 |     5 ||    25
         Potion            |       |       |       |     1 ||     1
 Armour: Scale mail        |   109 |       |       |       ||   109
         Chain mail        |    11 |    78 |   296 |   620 ||  1005
  Dodge: Dodged            |    77 |    34 |   130 |   211 ||   452
  Block: Buckler           |    79 |    46 |   223 |    10 ||   358
         Reflection        |       |     1 |    10 |     5 ||    16
         Kite shield       |       |       |       |   437 ||   437

Table legend: (Time is in decaauts)
 A = Elapsed time spent in this place.
 B = Non-inter-level travel time spent in this place.
 C = Inter-level travel time spent in this place.
 D = Time resting spent in this place.
 E = Time spent auto-exploring this place.
 F = Levels seen in this place.
 G = Mean time per level.
                   A        B        C        D        E       F      G
               +--------+--------+--------+--------+--------+-----+--------+
         Total |  10863 |  10387 |    476 |   1491 |   6294 |  14 |  775.9 |
       Dungeon |   8326 |   7901 |    425 |    634 |   5331 |  10 |  832.6 |
        Temple |     36 |      5 |     31 |      0 |      0 |   1 |   36.0 |
          Lair |   2059 |   2039 |     20 |    857 |    739 |   2 | 1029.5 |
       Ossuary |    440 |    440 |      0 |      0 |    223 |   1 |  440.0 |
               +--------+--------+--------+--------+--------+-----+--------+

Top non-repeatable levels by time:
  Lair:1: 1842 daAuts
     D:7: 1239 daAuts
     D:5: 1047 daAuts
     D:3: 1030 daAuts
     D:9: 1021 daAuts
     D:8: 855 daAuts
     D:6: 712 daAuts
     D:1: 703 daAuts
    D:10: 646 daAuts
     D:4: 556 daAuts
     D:2: 514 daAuts
 Ossuary: 440 daAuts
  Lair:2: 217 daAuts
  Temple: 36 daAuts
